 Dungeon Crawl Stone Soup version 0.29-a0-233-g1125b37a9b (webtiles) character file.

Game seed: 12611309629801929159

1105 avis the Skirmisher (level 8, -9/73 HPs)
             Began as a Hill Orc Monk on Mar 1, 2022.
             Was an Elder of Beogh.
             Mangled by a skeletal warrior
             ... wielding a +0 flail
              (15 damage)
             ... on level 5 of the Dungeon on Mar 2, 2022.
             The game lasted 00:39:49 (7384 turns).

avis the Skirmisher (Hill Orc Monk)                 Turns: 7384, Time: 00:39:50

Health: -9/73      AC: 10    Str: 16    XL:     8   Next: 32%
Magic:  8/11       EV: 13    Int: 10    God:    Beogh [****..]
Gold:   389        SH:  0    Dex: 16    Spells: 8/11 levels left

rFire   + . .      SeeInvis .   a - +7 long sword "Siavuyhal" {pain, rElec rCorr Dex+3}
rCold   . . .      Faith    .   (no shield)
rNeg    . . .      Spirit   .   z - +0 robe
rPois   .          Reflect  .   s - +0 helmet
rElec   +          Harm     .   H - +1 cloak
rCorr   +          Rampage  .   (no gloves)
Will    .....                   (no boots)
Stlth   ++........              (no amulet)
HPRegen 0.22/turn               I - ring of protection from fire
MPRegen 0.12/turn               (no ring)

@: ice-armoured
A: no striking features
a: Renounce Religion, Smiting, Recall Orcish Followers


You were on level 5 of the Dungeon.
You worshipped Beogh.
Beogh was greatly pleased with you.
You visited 2 branches of the dungeon, and saw 7 of its levels.

You collected 389 gold pieces.

Inventory:

Hand Weapons
 a - the +7 long sword "Siavuyhal" (weapon) {pain, rElec rCorr Dex+3}
   (You found it on level 4 of the Dungeon)

   In the hands of one skilled in necromantic magic, it inflicts extra damage on
   living creatures.
   Dex:       It affects your dexterity (+3).
   rElec:     It insulates you from electricity.
   rCorr:     It protects you from acid and corrosion.
 b - a +1 hunting sling of flaming
Missiles
 d - 174 stones (quivered)
 m - 2 poisoned darts
 x - 3 boomerangs
Armour
 s - a +0 helmet (worn)
 z - a +0 robe (worn)
 H - a +1 cloak (worn)
Jewellery
 w - a ring of fire
 I - a ring of protection from fire (left hand)
Wands
 A - a wand of paralysis (8)
Scrolls
 f - 2 scrolls of enchant armour {unknown}
 g - a scroll of fog {unknown}
 h - a scroll of noise {unknown}
 j - a scroll of blinking {unknown}
 l - a scroll of teleportation {unknown}
 p - a scroll of brand weapon {unknown}
 u - a scroll of summoning {unknown}
 B - 4 scrolls of immolation {unknown}
 D - a scroll of enchant weapon {unknown}
 J - a scroll of amnesia {unknown}
 K - a scroll of silence {unknown}
Potions
 c - a potion of lignification
 e - 2 potions of flight
 o - a potion of brilliance
 C - 2 potions of curing
 E - a potion of degeneration {unknown}
 F - a potion of haste {unknown}


   Skills:
 - Level 7.0 Fighting
 - Level 3.0 Dodging
 - Level 1.5 Stealth
 - Level 5.0 Unarmed Combat
 - Level 2.0 Spellcasting
 * Level 5.7 Ice Magic


You had 8 spell levels left.
You knew the following spells:

 Your Spells              Type           Power      Damage    Failure   Level
o - Ozocubu's Armour      Ice            12%        N/A       9%          3

Your spell library contained the following spells:

 Spells                   Type           Power      Damage    Failure   Level
 Slow                     Hex            4%         N/A       30%         1
 Static Discharge         Conj/Air       1%         N/A       43%         2
 Confusing Touch          Hex            1%         N/A       67%         3
 Vampiric Draining        Necr           1%         2d6       67%         3
 Lightning Bolt           Conj/Air       0%         1d11      100%        5
 Ozocubu's Refrigeration  Ice            6%         4d6       100%        7
 Maxwell's Capacitive Co  Air            0%         ∞         100%        8


Dungeon Overview and Level Annotations

Branches:
Dungeon (6/15)             Temple (1/1) D:5

Altars:
Ashenzari
Cheibriados
Dithmenos
Fedhas
Gozag
Hepliaklqana
Makhleb
Nemelex Xobeh
Qazlal
Ru
Sif Muna
Trog
Uskayaw
Vehumet
Wu Jian
Xom
The Shining One

Annotations:
D:2 exclusion: phantom


Message History

Aim: a skeletal warrior, wielding a +0 dire flail Attack!
Your orc warrior barely misses the skeletal warrior.
The skeletal warrior hits your orc warrior with a +0 dire flail!!
Your orc warrior completely misses the skeletal warrior.
A centaur comes into view.
The skeletal warrior hits your orc warrior with a +0 dire flail!!
A skeletal warrior comes into view. It is wielding a +0 flail.
The centaur wields a +0 shortbow.
The centaur shoots an arrow.
The arrow misses you.
Your orc warrior hits the skeletal warrior but does no damage.
The skeletal warrior hits your orc warrior with a +0 dire flail!!
Your orc warrior dies!
The centaur shoots an arrow.
The arrow hits you but does no damage.
The centaur shoots an arrow.
The arrow hits you.
The skeletal warrior closely misses your orc.
The centaur shoots an arrow.
The arrow hits you!
Your orc hits the skeletal warrior with a +0 whip.
The centaur shoots an arrow.
The arrow hits you.
Your orc hits the skeletal warrior but does no damage.
The centaur shoots an arrow.
The arrow closely misses you.
The centaur shoots an arrow.
The arrow hits you.
Your orc hits the skeletal warrior but does no damage.
The skeletal warrior hits your orc with a +0 flail!!
Your orc dies!
The centaur shoots an arrow.
The arrow hits you!
The centaur shoots an arrow.
The arrow closely misses you.
The centaur shoots an arrow.
The arrow hits you!
The centaur shoots an arrow.
The arrow hits you!
The centaur shoots an arrow.
The arrow hits you!
* * * LOW HITPOINT WARNING * * *
The skeletal warrior hits you with a +0 flail!
* * * LOW HITPOINT WARNING * * *
You climb upwards.
There is a stone staircase leading down here.
Casting: Ozocubu's Armour (dangerous; 9% risk of failure)
Confirm with . or Enter, or press ? or * to list all spells.
A film of ice covers your body!
The skeletal warrior hits you with a +0 flail!
You die...

...........................#
...........................#
..................o.##+#####
#############.##.###.......#
##### #....#.# #.......# #
##...## #....#.###.......#
###.....###......#.o....####
.#.......##...#..#......#
.#.......##....z@#......#
.#.......####....#####.######
###.....## #....# #.......# #
##.[.######....####.......#####
#####'###........................
............................#####
.............###............#
............................#
#####'######.).......#......#


You could see a skeletal warrior.

Vanquished Creatures
  Menkaure (D:4)
  An ice beast (D:5)
  4 phantoms
  2 scorpions
  2 jellies (D:4)
  2 orc priests (D:4)
  Crazy Yiuf (D:4)
  Robin (D:3)
  A gnoll (D:5)
  4 adders
  An ufetubus (D:4)
  2 worms
  2 dart slugs
  9 orcs
  8 endoplasms
  2 giant cockroaches
  18 goblins
  8 hobgoblins
  11 jackals
  9 kobolds
  A quokka (D:2)
  9 ball pythons
  3 bats (D:1)
  A frilled lizard (D:3)
  8 rats
111 creatures vanquished.

Vanquished Creatures (collateral kills)
  An ogre (D:5)
  A phantom (D:5)
  Blork the orc (D:5)
  A gnoll sergeant (D:5)
  An orc priest (D:4)
  An iguana (D:5)
  4 gnolls (D:5)
  An adder (D:5)
  A white imp (D:5)
  5 orcs
  A giant cockroach (D:4)
  4 goblins (D:4)
  2 hobgoblins (D:4)
24 creatures vanquished.

Vanquished Creatures (others)
  An orc warrior (D:6)
  4 orcs
  A goblin (D:3)
  A jackal (D:3)
  A frilled lizard (D:3)
8 creatures vanquished.

Grand Total: 143 creatures vanquished

Notes
Turn   | Place    | Note
-------+----------+-------------------------------------------
     0 | D:1      | avis the Hill Orc Monk began the quest for the Orb.
     0 | D:1      | Reached XP level 1. HP: 19/19 MP: 1/1
   275 | D:1      | Reached skill level 4 in Fighting
   385 | D:1      | Reached XP level 2. HP: 19/27 MP: 2/2
   571 | D:1      | HP: 1/27 [ball python (3)]
  1011 | D:1      | Found a faded altar of an unknown god.
  1140 | D:1      | Reached XP level 3. HP: 33/33 MP: 3/3
  1837 | D:2      | Reached skill level 5 in Fighting
  2223 | D:2      | Noticed a phantom
  2248 | D:2      | Reached XP level 4. HP: 41/42 MP: 4/4
  2252 | D:2      | Learned a level 3 spell: Ozocubu's Armour
  3122 | D:3      | Found a sparkling altar of Nemelex Xobeh.
  3124 | D:3      | Found a glowing golden altar of the Shining One.
  3132 | D:3      | Found a snail-covered altar of Cheibriados.
  3137 | D:3      | Became a worshipper of Beogh the Brigand
  3137 | D:3      | Reached * piety under Beogh
  3137 | D:3      | Reached ** piety under Beogh
  3334 | D:3      | Identified the +0 spear "Ruychar" {pain, rF+ Dex+7}
  3361 | D:3      | Noticed Robin
  3395 | D:3      | Reached skill level 1 in Spellcasting
  3515 | D:3      | Killed Robin
  3752 | D:3      | Reached XP level 5. HP: 36/48 MP: 6/6
  3837 | D:3      | Identified the +0 plate armour "Anenor" {Str+4 Int+5}
  3935 | D:3      | Reached skill level 5 in Unarmed Combat
  4374 | D:3      | Upgraded the game from 0.29-a0-231-g945431f764 to
                  | 0.29-a0-233-g1125b37a9b
  4433 | D:4      | Reached *** piety under Beogh
  4439 | D:4      | Reached skill level 1 in Ice Magic
  4449 | D:4      | Identified the +7 long sword "Siavuyhal" {pain, rElec rCorr
                  | Dex+3}
  4537 | D:4      | Noticed Menkaure
  4544 | D:4      | Killed Menkaure
  4545 | D:4      | Reached XP level 6. HP: 17/56 MP: 7/7
  5016 | D:4      | Gained Arkwar as an ally
  5180 | D:4      | Reached XP level 7. HP: 60/61 MP: 8/8
  5187 | D:4      | Reached skill level 5 in Ice Magic
  5462 | D:4      | Found a runed translucent door.
  5463 | D:4      | Noticed Crazy Yiuf
  5471 | D:4      | Killed Crazy Yiuf
  5748 | D:5      | Entered Level 5 of the Dungeon
  5851 | D:5      | Found a staircase to the Ecumenical Temple.
  5869 | D:5      | Noticed Blork the orc
  5878 | D:5      | Killed Blork the orc
  5898 | Temple   | Entered the Ecumenical Temple
  6220 | D:5      | Reached skill level 6 in Fighting
  6568 | D:5      | Reached XP level 8. HP: 65/71 MP: 11/11
  6621 | D:5      | Reached **** piety under Beogh
  6650 | D:5      | Reached skill level 7 in Fighting
  7371 | D:6      | Noticed a skeletal warrior
  7374 | D:6      | Noticed a skeletal warrior
  7384 | D:5      | Mangled by a skeletal warrior

Illustrated notes

Levels and vault maps discovered:
D:1:      arrival_zaba_pyramid, layout_loops_ring,
          shapermc_ecumenical_altar_ellora
D:2:      layout_basic, serial_glass, glass_columns_c, glass_columns_b
D:3:      layout_basic, cheibriados_altar_1, mainiacjoe_overflow_catwalk_spiral,
          uniq_robin
D:4:      cheibrodos_greedy_goblins, layout_loops_ring, uniq_menkaure,
          uniq_crazy_yiuf_cottage
D:5:      kennysheep_six_static_rooms, layout_basic,
          minmay_temple_entry_offerings, uniq_blork_the_orc
D:6:      layout_loops_ring, nicolae_shop_firing_range, uniq_duvessa
Temple:   dpeg_chambers_temple

Skill      XL: |  1  2  3  4  5  6  7  8 |
---------------+-------------------------+-----
Fighting       | 4 5 6 7 |  7.0
Unarmed Combat | 4 5 |  5.0
Spellcasting   | 1 2 |  2.0
Ice Magic      | 3 4 5 |  5.7
Dodging        | 3 |  3.0
Stealth        | |  1.5

Action                   |  1- 3 |  4- 6 |  7- 9 || total
-------------------------+-------+-------+-------++-------
Melee: Unarmed           |   145 |   164 |       ||   309
       Punch             |     6 |     6 |     1 ||    13
       Long sword        |       |    40 |    46 ||    86
 Cast: Ozocubu's Armour  |       |       |     1 ||     1
Invok: Convert to Beogh  |       |     1 |       ||     1
       Recall Orcish Fol |       |       |     2 ||     2
       Stop Recall       |       |       |     1 ||     1
  Use: Scroll            |       |       |     4 ||     4
       Potion            |       |       |     1 ||     1
 Stab: Sleeping          |     4 |     6 |       ||    10
Armor: Robe              |    20 |    23 |    10 ||    53
Dodge: Dodged            |    80 |    70 |    41 ||   191
Block: Other             |     1 |    29 |     4 ||    34

Table legend: (Time is in decaauts)
 A = Elapsed time spent in this place.
 B = Non-inter-level travel time spent in this place.
 C = Inter-level travel time spent in this place.
 D = Time resting spent in this place.
 E = Time spent auto-exploring this place.
 F = Levels seen in this place.
 G = Mean time per level.
                   A        B        C        D        E       F      G
               +--------+--------+--------+--------+--------+-----+--------+
         Total |   7403 |   6992 |    411 |   2348 |   3027 |   7 | 1057.6 |
       Dungeon |   7098 |   6706 |    392 |   2348 |   2785 |   6 | 1183.0 |
        Temple |    304 |    285 |     19 |      0 |    242 |   1 |  304.0 |
               +--------+--------+--------+--------+--------+-----+--------+

Top non-repeatable levels by time:
     D:1: 1740 daAuts
     D:3: 1355 daAuts
     D:4: 1352 daAuts
     D:2: 1344 daAuts
     D:5: 1293 daAuts
  Temple: 304 daAuts
     D:6: 11 daAuts
